 Dungeon Crawl Stone Soup version 0.22.1-2-g9c5b331 (webtiles) character file.

46 Fang the Skirmisher (level 3, -4/24 HPs)
             Began as a Gargoyle Berserker on Dec 19, 2018.
             Was a Believer of Trog.
             Slain by Terence
             ... wielding a +0 flail
              (11 damage)
             ... on level 2 of the Dungeon.
             The game lasted 00:01:04 (1005 turns).

Fang the Skirmisher (Gargoyle Berserker)            Turns: 1005, Time: 00:01:04

Health: -4/24      AC:  0    Str: 21    XL:     3   Next: 66%
Magic:  3/3        EV: 14    Int:  7    God:    Trog [**....]
Gold:   59         SH:  0    Dex:  9    Spells: 2/2 levels left

rFire    . . .     SeeInvis .   (weapon currently unavailable)
rCold    . . .     Gourm    .   (shield currently unavailable)
rNeg     + . .     Faith    .   (armour currently unavailable)
rPois    ∞         Spirit   .   (helmet currently unavailable)
rElec    .         Reflect  .   (cloak currently unavailable)
rCorr    .         Harm     .   (gloves currently unavailable)
MR       .....                  (boots currently unavailable)
Stlth    +.........             (no amulet)
HPRegen  0.08/turn              (ring currently unavailable)
MPRegen  0.08/turn              (ring currently unavailable)

@: pig-form, very quick
A: small, negative energy resistance 1, petrification resistance, rot immunity,
AC +3
a: Berserk, Trog's Hand, Renounce Religion


You were on level 2 of the Dungeon.
You worshipped Trog.
Trog was pleased with you.
You were not hungry.
You were a filthy swine.
You visited 1 branch of the dungeon, and saw 2 of its levels.

You collected 59 gold pieces.

Inventory:

Hand Weapons
 a - a +0 hand axe (melded)
Armour
 b - a +0 animal skin (melded)
Scrolls
 d - 6 scrolls of remove curse {unknown}
 e - a scroll of identify {unknown}
 f - a scroll of noise {unknown}
 g - a scroll of magic mapping {unknown}
 h - a scroll of teleportation {unknown}
Comestibles
 c - 3 rations
 i - 2 chunks of flesh


   Skills:
 + Level 3.8 Fighting
 + Level 3.5 Axes
 + Level 2.3 Armour
 + Level 1.8 Dodging
 + Level 0.2 Stealth


You had 2 spell levels left.
You didn't know any spells.
Your spell library was empty.

Dungeon Overview and Level Annotations

Branches:
Dungeon (2/15)

Altars:

Annotations:
D:2 Terence


Innate Abilities, Weirdness & Mutations

You are resistant to torment.
((Your stone body is resilient. (AC +3)))
You are immune to poison.
You resist negative energy. (rN+)
((You are resistant to electric shocks. (rElec)))
((You can survive without breathing.))
You are immune to petrification.
You are immune to rotting.


Message History

Terence hits you with a flail!
* * * LOW HITPOINT WARNING * * *
You closely miss Terence.
Terence is heavily wounded.
Terence zaps a wand.
You resist with significant effort.
You hit Terence but do no damage.
Terence is heavily wounded.
Terence closely misses you.
You closely miss Terence.
Terence is heavily wounded.
You hit Terence but do no damage.
Terence is heavily wounded.
Terence barely misses you.
You closely miss Terence.
Terence is heavily wounded.
Terence closely misses you.
You barely miss Terence.
Terence is heavily wounded.
Terence hits you with a flail!
You die...

###....#. ....#..
......##
#......##
##.......##
####..........
#....)@....##.
..##. ##h...$.<.
......##......##.
........†(#.#.#
..######÷.†.# ..
##.#.## #
...#####....###.
.......)....<...
##
####.###.)######
..# ..... #..##
#.#


You could see Terence.

Vanquished Creatures
  A worm (D:2)
  2 dart slugs
  4 leopard geckos
  4 bats (D:1)
  2 hobgoblins (D:1)
  3 jackals (D:2)
  3 frilled lizards
  6 goblins
  4 kobolds
  6 rats (D:1)
35 creatures vanquished.

Notes
Turn   | Place    | Note
-------+----------+-------------------------------------------
     0 | D:1      | Fang the Gargoyle Berserker began the quest for the Orb.
     0 | D:1      | Reached XP level 1. HP: 14/14 MP: 1/1
   310 | D:1      | Reached XP level 2. HP: 15/19 MP: 2/2
   556 | D:1      | Reached XP level 3. HP: 18/23 MP: 3/3
   780 | D:2      | Reached ** piety under Trog
   968 | D:2      | Noticed Terence
  1005 | D:2      | Slain by Terence

Skill      XL: |  1  2 |
---------------+-------+-----
Axes           | 3 |  3.5
Fighting       | |  3.8
Armour         | |  2.3
Dodging        | |  1.8
Stealth        | |  0.2

Action                   || total
-------------------------++-------
Melee: Hand axe          ||    83
       Unarmed           ||    15
Invok: Berserk           ||     1
  Eat: Chunk             ||     1
Armor: Animal skin       ||    20
Dodge: Dodged            ||    82
